 Dungeon Crawl Stone Soup version 0.13-a0-2940-gab44624 (webtiles) character file.

261 Malachi the Grave Robber (level 5, -1/35 HPs)
             Began as a Mummy Necromancer on Sept 4, 2013.
             Slain by Blork the orc
             ... wielding a -1,+0 orcish war axe
              (3 damage)
             ... on Level 4 of the Dungeon.
             The game lasted 00:06:47 (5227 turns).

Malachi the Grave Robber (Mummy Necromancer)        Turns: 5227, Time: 00:06:47

HP  -1/35        AC  2     Str 11      XL: 5   Next:  7%
MP   4/8         EV 12     Int 15      God:
Gold 115         SH  0     Dex 12      Spells:  1 memorised,  5 levels left

Res.Fire  : x . .   See Invis. : .   q - +0 orc short sword
Res.Cold  : + . .   Warding    : .   o - +0 robe
Life Prot.: + + +   Conserve   : .   (no shield)
Res.Poison: +       Res.Corr.  : .   (no helmet)
Res.Elec. : .       Clarity    : .   (no cloak)
Sust.Abil.: . .     Spirit.Shd : .   (no gloves)
Res.Mut.  : +       Stasis     : .   (no boots)
Res.Rott. : +       Flight     : .   m - amulet of resist mutation
Saprovore : . . .                    k - ring of protection from magic
                                     h - ring of protection from magic

@: very resistant to hostile enchantments, unstealthy
A: no food or potions, fire vulnerability, restore body, cold resistance 1, life
protection 3, poison resistance, torment resistance, unbreathing
a: no special abilities


You were on level 4 of the Dungeon.
You were not hungry.

You visited 1 branch of the dungeon, and saw 4 of its levels.

You collected 95 gold pieces.

Inventory:

Hand weapons
 q - a +0,+0 orcish short sword (weapon)
Armour
 o - a +0 robe (worn)
Magical devices
 p - a wand of disintegration (13) {unknown}
Scrolls
 a - a scroll of teleportation {unknown}
 c - a scroll of enchant weapon I {unknown}
 d - a scroll of curse weapon {unknown}
 e - a scroll of recharging {unknown}
 f - a scroll of identify
 i - a scroll of amnesia {unknown}
 j - a scroll of remove curse {unknown}
 l - a scroll of fog {unknown}
 n - a scroll of random uselessness {unknown}
Jewellery
 g - an uncursed amulet of faith
 h - a ring of protection from magic (left hand)
 k - a ring of protection from magic (right hand)
 m - an amulet of resist mutation (around neck)
Books
 b - a book of Necromancy

   Spells                             Type                      Level
   *Pain                              Necromancy                   1
   Animate Skeleton                   Necromancy                   1
   Lethal Infusion                    Charms/Necromancy            2
   Vampiric Draining                  Necromancy                   3
   Regeneration                       Charms/Necromancy            3
   Animate Dead                       Necromancy                   4
   Control Undead                     Necromancy                   4


   Skills:
 - Level 1.5 Dodging
 - Level 1.5 Stealth
 - Level 1.0 Spellcasting
 * Level 6.4 Necromancy


You had 5 spell levels left.
You knew the following spells:

 Your Spells              Type           Power        Failure   Level  Hunger
a - Pain                  Necr           ###.         1%          1    N/A

Dungeon Overview and Level Annotations

Branches:
Dungeon (4/27)
 Temple: D:4-7

Altars:
Ashenzari
Okawaru

Annotations:
D:4 Blork the orc


Innate Abilities, Weirdness & Mutations

You do not eat or drink.
Your flesh is vulnerable to fire.
Your flesh is cold resistant.
You are immune to negative energy.
Your system is resistant to poisons.
You are immune to unholy pain and torment.
You can survive without breathing.


Message History

Aim: Blork the orc, wielding an orcish war axe and wearing an orcish robe (moving very quickly) Blork the orc convulses in agony!
Blork the orc closely misses you. Blork the orc barely misses you.
Read which item? (? for menu, Esc to quit)
Okay, then.
Blork the orc looks braver.
Blork the orc screams, "I'm much stronger than you!"
Blork the orc becomes somewhat translucent.
Blork the orc screams, "I'll eat your brain!
And then I'll vomit it back up!"
Blork the orc mumbles some strange words.
You feel a wave of unholy energy pass over you.
Blork the orc points at you and mumbles some strange words.
The puff of frost hits you! You resist.
* * * LOW HITPOINT WARNING * * *
Blork the orc glows brightly for a moment.
There is a stone staircase leading up here.
Blork the orc hits you with an orcish war axe.
* * * LOW HITPOINT WARNING * * *
Blork the orc hits you with an orcish war axe.
You die...

##### #...#
#...#
####%.%###.#
#...o@.....#
#r##(..##..#
#.##...##..#.#
#.#######..#.##
#.# #..... #r#
##....# #z#
#.....# #.#
#....##.?. #.#
#..........


You could see Blork the orc and a rat.

Vanquished Creatures
  Jessica (D:3)
  3 gnolls
  2 adders
  A giant mite (D:1)
  4 giant geckos
  An ooze (D:3)
  2 orcs (D:3)
  4 ball pythons
  4 bats
  2 giant cockroaches (D:2)
  5 goblins
  7 hobgoblins
  4 jackals (D:3)
  12 kobolds
  2 quokkas (D:3)
  A giant newt (D:2)
  8 rats
63 creatures vanquished.

Notes
Turn   | Place    | Note
--------------------------------------------------------------
     0 | D:1      | Malachi, the Mummy Necromancer, began the quest for the Orb.
     0 | D:1      | Reached XP level 1. HP: 13/13 MP: 3/3
   360 | D:1      | Reached XP level 2. HP: 16/19 MP: 1/4
   650 | D:1      | Reached skill level 5 in Necromancy
   654 | D:1      | Reached XP level 3. HP: 24/24 MP: 2/5
  2199 | D:2      | Found an iron altar of Okawaru.
  2485 | D:2      | Found a shattered altar of Ashenzari.
  3072 | D:3      | Noticed Jessica
  3079 | D:3      | Killed Jessica
  3079 | D:3      | Reached XP level 4. HP: 30/30 MP: 2/7
  3452 | D:3      | Reached skill level 6 in Necromancy
  4132 | D:3      | Reached XP level 5. HP: 29/35 MP: 3/8
  5197 | D:4      | Noticed Blork the orc
  5227 | D:4      | Slain by Blork the orc

Action                   |  1- 3 |  4- 6 || total
-------------------------+-------+-------++-------
Melee: Unarmed           |     2 |       ||     2
 Cast: Pain              |    81 |    59 ||   140
  Use: Scroll            |       |     3 ||     3
